 Dungeon Crawl Stone Soup version 0.27.0-1-g7a089689b8 (webtiles) character file.

Game seed: 11388583362176700450

1734 shadowrider38 the Cleaver (level 8, -3/66 HPs)
             Began as a Minotaur Fighter on Aug 3, 2021.
             Was an Initiate of Yredelemnul.
             Succumbed to a green ugly thing's poison
             ... on level 7 of the Dungeon.
             The game lasted 00:15:58 (7081 turns).

shadowrider38 the Cleaver (Minotaur Fighter)        Turns: 7081, Time: 00:15:59

Health: -3/66      AC: 15    Str: 30    XL:     8   Next: 76%
Magic:  7/7        EV:  6    Int:  5    God:    Yredelemnul [......]
Gold:   363        SH: 10    Dex:  9    Spells: 7/7 levels left

rFire    . . .     SeeInvis .   a - +0 war axe
rCold    . . .     Faith    .   c - +0 kite shield
rNeg     . . .     Spirit   .   t - +0 chain mail
rPois    .         Reflect  .   (helmet restricted)
rElec    .         Harm     .   e - +0 cloak
rCorr    .         Rampage  .   A - +0 pair of gloves
Will     .....                  (no boots)
Stlth    ..........             f - amulet of magic regeneration
HPRegen  0.21/turn              k - +6 ring of strength
MPRegen  0.35/turn              i - +4 ring of protection

@: lethally poisoned (-3 -> -27)
A: horns 2, retaliatory headbutt
a: Renounce Religion


You were on level 7 of the Dungeon.
You worshipped Yredelemnul.
Yredelemnul was noncommittal.
You visited 2 branches of the dungeon, and saw 8 of its levels.
You also visited: Sewer.

You collected 363 gold pieces.

Inventory:

Hand Weapons
 a - a +0 war axe (weapon)
Armour
 c - a +0 kite shield (worn)
 e - a +0 cloak (worn)
 t - a +0 chain mail (worn)
 A - a +0 pair of gloves (worn)
Jewellery
 f - an amulet of magic regeneration (around neck)
 i - a +4 ring of protection (right hand)
 k - a +6 ring of strength (left hand)
 q - a ring of protection from cold
 E - a ring of wizardry
Wands
 s - a wand of digging (5)
 x - a wand of mindburst (25)
 y - a wand of acid (16)
Scrolls
 b - a scroll of noise {unknown}
 g - 2 scrolls of teleportation
 m - 3 scrolls of fog
 o - 2 scrolls of blinking {unknown}
 u - 3 scrolls of fear {unknown}
 v - a scroll of acquirement {unknown}
 z - a scroll of vulnerability {unknown}
 D - a scroll of amnesia {unknown}
Potions
 d - 2 potions of might
 j - 2 potions of flight
 l - a potion of mutation
 n - a potion of berserk rage
 p - a potion of haste {unknown}
 r - 3 potions of curing {unknown}
 w - 2 potions of invisibility {unknown}
 B - a potion of lignification {unknown}
 C - 2 potions of cancellation


   Skills:
 - Level 4.1 Fighting
 + Level 13.0 Axes
 - Level 3.8 Armour
 - Level 3.7 Shields


You had 7 spell levels left.
You didn't know any spells.
Your spell library contained the following spells:

 Spells                   Type           Power      Damage    Failure   Level
 Foxfire                  Conj/Fire      0%         2x1d4     100%        1
 Sandblast                Erth           0%         2d4       100%        1
 Summon Small Mammal      Summ           0%         N/A       100%        1
 Passwall                 Tmut/Erth      0%         N/A       100%        2
 Sublimation of Blood     Necr           0%         N/A       100%        2
 Call Canine Familiar     Summ           0%         N/A       100%        3
 Conjure Flame            Conj/Fire      0%         6-21      100%        3
 Inner Flame              Hex/Fire       0%         N/A       100%        3
 Summon Guardian Golem    Hex/Summ       0%         N/A       100%        3
 Petrify                  Tmut/Erth      0%         N/A       100%        4
 Irradiate                Conj/Tmut      0%         3d14      100%        5
 Lee's Rapid Deconstruct  Erth           0%         3d5*      100%        5


Dungeon Overview and Level Annotations

Branches:
Dungeon (7/15)             Temple (1/1) D:6           Sewer (visited)

Altars:
Ashenzari
Cheibriados
Elyvilon
Fedhas
Makhleb
Ru
Trog
Wu Jian
Xom
Yredelemnul

Shops:
D:1 [

Annotations:
D:6 4 runed translucent doors, Arex's ghost, novice DgFi; Crazy Yiuf


Innate Abilities, Weirdness & Mutations

You have a pair of horns on your head.
You reflexively headbutt those who attack you in melee.


Message History

You block the green ugly thing's attack.
You barely miss the green ugly thing.
Your headbutt misses the green ugly thing.
The green ugly thing is heavily wounded.
You feel very sick.
The green ugly thing engulfs you but does no damage.
You slash the green ugly thing!
The green ugly thing is heavily wounded.
You feel very sick.
You block the green ugly thing's attack.
You slash the green ugly thing! You headbutt the green ugly thing!
The green ugly thing is almost dead.
You feel sick. The green ugly thing engulfs you!
You are lethally poisoned!
The green ugly thing poisons you!
Okay, then.
You closely miss the green ugly thing.
The green ugly thing is almost dead.
You feel extremely sick. The green ugly thing engulfs you.
* * * LOW HITPOINT WARNING * * *
You are more poisoned.
The green ugly thing poisons you!
You hit the green ugly thing.
The green ugly thing is almost dead.
* * * LOW HITPOINT WARNING * * *
You feel extremely sick.
You block the green ugly thing's attack.
You feel much better.
* * * LOW HITPOINT WARNING * * *
You feel extremely sick.
The green ugly thing closely misses you.
You hit the green ugly thing but do no damage.
The green ugly thing is almost dead.
* * * LOW HITPOINT WARNING * * *
You feel extremely sick.
You block the green ugly thing's attack.
It was a potion of cancellation.
You feel magically purged.
You die...
Your body rises from the dead as a mindless zombie.

##### #...# # ##.#.## ## #..#..#
##. #########.#.#.## #..
.........h#.#..# #..
.....###o##.##.## #..
.....##.h#.###.u###############..
........##...##)@................
.....##.###...#.)##############..
.....#.##..##.##)......## ##.
.####..##....###....[...##### ##
#.##.##....##...........### #
...#....##...#........##...###
....##......##.##.......##....##
...## ##..u### #####.....##....##
.## ###...# ###...##......


You could see a green ugly thing.

Vanquished Creatures
  2 steam dragons (D:6)
  A water moccasin (D:5)
  Purgy (Sewer)
  A sky beast (D:5)
  A black bear (D:6)
  A necrophage (D:5)
  3 scorpions
  A water moccasin zombie (D:6)
  2 howler monkeys
  A bullfrog zombie (D:6)
  A centaur zombie (D:6)
  A jelly (D:4)
  An orc priest (D:6)
  A gnoll shaman (D:3)
  3 hounds
  An iguana (D:4)
  An orc wizard (D:3)
  2 scorpion zombies (D:5)
  A hound zombie (D:5)
  10 gnolls
  8 adders
  A river rat (D:4)
  3 shadow imps
  2 ufetubi
  3 worms
  2 dart slugs
  17 orcs
  3 bats
  9 endoplasms
  7 giant cockroaches
  4 goblins
  A hobgoblin (D:1)
  9 kobolds
  3 quokkas
  13 ball pythons
  3 frilled lizards
  6 rats
130 creatures vanquished.

Vanquished Creatures (others)
  9 fungi (D:6)
  4 toadstools (D:6)
13 creatures vanquished.

Grand Total: 143 creatures vanquished

Notes
Turn   | Place    | Note
-------+----------+-------------------------------------------
     0 | D:1      | shadowrider38 the Minotaur Fighter began the quest for the
                  | Orb.
     0 | D:1      | Reached XP level 1. HP: 19/19 MP: 0/0
    61 | D:1      | Reached XP level 2. HP: 19/27 MP: 1/1
    81 | D:1      | Found Tileiv's Armour Shoppe.
   200 | D:1      | Found a faded altar of an unknown god.
   282 | D:1      | Reached skill level 3 in Axes
   572 | D:1      | Reached XP level 3. HP: 28/33 MP: 2/2
   814 | D:2      | Reached skill level 4 in Axes
  1012 | D:2      | Found a snail-covered altar of Cheibriados.
  1236 | D:2      | Reached XP level 4. HP: 38/40 MP: 3/3
  1884 | D:3      | Reached skill level 5 in Axes
  1994 | D:3      | Reached XP level 5. HP: 27/46 MP: 4/4
  2272 | D:2      | Reached skill level 6 in Axes
  3444 | D:4      | Found a glowing drain.
  3458 | Sewer    | Entered a sewer
  3476 | Sewer    | Reached skill level 7 in Axes
  3513 | Sewer    | Noticed Purgy
  3534 | Sewer    | Killed Purgy
  3535 | Sewer    | Reached XP level 6. HP: 40/52 MP: 5/5
  3951 | D:4      | Reached skill level 8 in Axes
  4687 | D:5      | Entered Level 5 of the Dungeon
  4778 | D:5      | Noticed a water moccasin
  4784 | D:5      | Killed a water moccasin
  4785 | D:5      | Reached skill level 9 in Axes
  4785 | D:5      | Reached XP level 7. HP: 59/59 MP: 6/6
  4964 | D:5      | Reached skill level 10 in Axes
  5563 | D:6      | Noticed a steam dragon
  5566 | D:6      | Killed a steam dragon
  5567 | D:6      | Reached skill level 11 in Axes
  5567 | D:6      | Reached XP level 8. HP: 66/66 MP: 7/7
  6023 | D:6      | Found a runed translucent gate.
  6023 | D:6      | Found a runed translucent gate.
  6023 | D:6      | Found a runed translucent gate.
  6029 | D:6      | Noticed Arex's ghost (novice DgFi)
  6042 | D:6      | Found a staircase to the Ecumenical Temple.
  6048 | Temple   | Entered the Ecumenical Temple
  6086 | Temple   | Became a worshipper of Yredelemnul the Dark
  6196 | D:6      | Reached skill level 12 in Axes
  6529 | D:6      | Found a runed translucent door.
  6530 | D:6      | Noticed Crazy Yiuf
  7028 | D:7      | Reached skill level 13 in Axes
  7047 | D:7      | Noticed a green ugly thing
  7047 | D:7      | Noticed a slime creature
  7080 | D:7      | HP: 2/66 [poisoned by a green ugly thing]
  7081 | D:7      | Succumbed to a green ugly thing's poison

Illustrated notes

Levels and vault maps discovered:
D:1:      amcnicky_arrival_choice, layout_rooms,
          dreamdust_ecumenical_altar_statues, serial_shops,
          nicolae_shop_window_shopping, minmay_bisected
D:2:      layout_loops_ring, basic_altar
D:3:      layout_loops_ring
D:4:      layout_cave_pods, portal_sewer_entry_b
D:5:      layout_loops_ring, grunt_ministairs_15, amcnicky_mini_pool_small,
          minmay_hedge_maze
D:6:      layout_basic, minmay_temple_entry_glassed_door,
          gammafunk_ghost_necromancy, minmay_holes, minmay_gold_behind_fungi,
          uniq_crazy_yiuf_cottage
D:7:      minmay_the_grid_four_pointed_star
          [minmay_the_grid_triangle_9x9_fully_insulated_deathbox,
          minmay_the_grid_triangle_9x9_tough_junction,
          minmay_the_grid_triangle_9x9_odd_lines,
          minmay_the_grid_triangle_9x9_alien,
          minmay_the_grid_prize_diamond_cup], layout_rooms
Temple:   nicolae_temple_the_god_donut

Skill      XL: |  1  2  3  4  5  6  7  8 |
---------------+-------------------------+-----
Fighting       | 4 |  4.1
Axes           | 3 4 5 7 9 11 13 | 13.0
Armour         | |  3.8
Shields        | |  3.7

Action                   |  1- 3 |  4- 6 |  7- 9 || total
-------------------------+-------+-------+-------++-------
Melee: War axe           |    73 |   186 |   121 ||   380
       Headbutt          |    11 |    28 |    29 ||    68
  Use: Scroll            |     4 |     2 |       ||     6
       Potion            |       |       |     2 ||     2
Armor: Scale mail        |    35 |    31 |       ||    66
       Chain mail        |       |    84 |    66 ||   150
Dodge: Dodged            |    21 |    54 |    24 ||    99
Block: Kite shield       |    53 |   121 |    49 ||   223
